 Dungeon Crawl Stone Soup version 0.30-a0-364-gf6b3ef1049 (webtiles) character file.

Game seed: 10421685026009999772

4397 mcwallace the Covert (level 10, -13/73 HPs)
             Began as a Vampire Enchanter on Nov 15, 2022.
             Was a Believer of Cheibriados.
             Mangled by a spriggan
             ... wielding a +0 trident
              (15 damage)
             ... in a bailey on Nov 16, 2022.
             The game lasted 00:20:18 (6901 turns).

mcwallace the Covert (Vampire Enchanter)            Turns: 6901, Time: 00:20:18

Health: -13/73     AC:  6    Str: 12    XL:     10   Next: 13%
Magic:  6/18       EV: 16    Int: 23    God:    Cheibriados [**....]
Gold:   193        SH:  6    Dex: 24    Spells: 8/19 levels left

rFire   + . .      SeeInvis +    t - +5 short sword (venom) {short}
rCold   . . .      Faith    .    q - +0 buckler
rNeg    + . .      Spirit   .    Q - +2 leather armour {rF+}
rPois   .          Reflect  .    n - +0 helmet
rElec   .          Harm     .    B - scarf {repulsion}
rCorr   .          Rampage  .    (no gloves)
Will    +....                    (no boots)
Stlth   +++++.....               X - amulet of magic regeneration {@e2}
HPRegen 0.52/turn                h - ring of positive energy
MPRegen 0.56/turn                (no ring)

@: healing quickly, repel missiles, very slow
A: alive, fangs 3, see invisible, vampiric 2
a: Exsanguinate, Renounce Religion, Bend Time


You were in a bailey.
You worshipped Cheibriados.
Cheibriados was pleased with you.
You visited 2 branches of the dungeon, and saw 8 of its levels.
You also visited: Bailey.

You collected 417 gold pieces.
You spent 224 gold pieces at shops.


Innate Abilities, Weirdness & Mutations

Your natural rate of healing is accelerated.
You have razor-sharp teeth.
You have supernaturally acute eyesight. (SInv)
You are afflicted with vampirism and can become a bat while bloodless.


   Skills:
 + Level 4.8 Fighting
 + Level 6.1 Short Blades
 + Level 2.2 Armour
 + Level 6.5 Dodging
 + Level 9.9 Stealth
 - Level 4.0 Shields
 + Level 5.4 Spellcasting
 + Level 9.2 Hexes


You had 8 spell levels left.
You knew the following spells:

 Your Spells              Type           Power      Damage    Failure   Level
a - Ensorcelled Hibernat  Hex/Ice        54%        N/A       3%          2
b - Tukima's Dance        Hex            48%        N/A       1%          3
c - Confusing Touch       Hex            48%        N/A       1%          3
d - Dazzling Flash        Conj/Hex       54%        N/A       7%          3

Your spell library contained the following spells:

 Spells                   Type           Power      Damage    Failure   Level
 Ignite Poison            Fire/Tmut/Pois 6%         N/A       41%         3
 Stone Arrow              Conj/Erth      12%        3d7       41%         3
 Vhi's Electric Charge    Tloc/Air       12%        N/A       41%         3
 Animate Armour           Summ/Erth      12%        N/A       83%         4
 Sticky Flame             Conj/Fire      6%         2d3       83%         4
 Arcjolt                  Conj/Air       3%         1d13      99%         5
 Ignition                 Fire           3%         3d4       100%        8
 Lehudib's Crystal Spear  Conj/Erth      3%         10d2      100%        8
 Maxwell's Capacitive Co  Air            3%         ∞         100%        8

Inventory:

Hand Weapons
 a - a +1 dagger {short}
 l - a +1 dagger of venom {short}
   (You took it off Robin on level 2 of the Dungeon)
 t - a +5 short sword of venom (weapon) {short}
   (You found it on level 3 of the Dungeon)
 E - the +9 short sword of Avant Garde True Grit {holy, SInv Stlth+, short}
   (You bought it in a shop on level 2 of the Dungeon)

   It has been blessed by the Shining One to cause great damage to the undead
   and demons.
   SInv:      It lets you see invisible.
   Stlth:     It makes you more stealthy.
Missiles
 d - 57 stones (quivered) {throwing}
 F - 4 javelins {throwing}
Armour
 g - a +0 leather armour
   (You found it on level 1 of the Dungeon)
 i - a +0 leather armour
   (You found it on level 1 of the Dungeon)
 j - a +0 robe
   (You took it off Blork the orc on level 6 of the Dungeon)
 m - a +0 animal skin
   (You took it off Robin on level 2 of the Dungeon)
 n - a +0 helmet (worn)
   (You took it off Robin on level 2 of the Dungeon)
 o - a +0 robe
   (You took it off Sigmund on level 2 of the Dungeon)
 q - a +0 buckler (worn)
   (You found it on level 2 of the Dungeon)
 v - a +0 ring mail
   (You found it on level 3 of the Dungeon)
 y - a +0 ring mail
   (You found it on level 4 of the Dungeon)
 B - a scarf of repulsion (worn)
   (You found it on level 4 of the Dungeon)
 H - a +0 leather armour
   (You took it off an orc on level 5 of the Dungeon)
 I - a +0 robe
   (You took it off an orc wizard on level 5 of the Dungeon)
 J - a +0 robe
   (You took it off an orc wizard on level 5 of the Dungeon)
 K - a +0 leather armour
   (You found it on level 5 of the Dungeon)
 N - a +0 plate armour
   (You found it on level 6 of the Dungeon)
 Q - a +2 leather armour of fire resistance (worn)
   (You took it off Eustachio on level 6 of the Dungeon)
 S - a +0 scale mail
   (You found it on level 6 of the Dungeon)
 V - a +0 robe
   (You took it off a wight on level 7 of the Dungeon)
 W - a +0 robe
   (You took it off a wight on level 7 of the Dungeon)
 Y - +0 acid dragon scales
   (You took it off a spriggan in a bailey)
Jewellery
 h - a ring of positive energy (left hand)
   (You found it on level 1 of the Dungeon)
 X - an amulet of magic regeneration (around neck) {@e2}
   (You found it on level 7 of the Dungeon)
Wands
 A - a wand of charming (17)
   (You found it on level 4 of the Dungeon)
 C - a wand of flame (14)
   (You found it on level 4 of the Dungeon)
 T - a wand of acid (3)
   (You found it on level 6 of the Dungeon)
 U - a wand of roots (13)
   (You found it on level 6 of the Dungeon)
Scrolls
 b - a scroll of enchant weapon
 e - a scroll of blinking {unknown}
 p - 2 scrolls of poison {unknown}
 u - 2 scrolls of vulnerability {!r!r}
 z - 2 scrolls of teleportation {unknown}
 L - a scroll of amnesia {unknown}
 O - a scroll of noise {unknown}
 P - a scroll of summoning {unknown}
 Z - a scroll of fear {unknown}
Potions
 c - a potion of invisibility
 f - 3 potions of degeneration {!q@e2}
 k - 2 potions of haste {@q3}
 s - 2 potions of heal wounds {unknown}
 w - 6 potions of mutation {!q}
 x - 2 potions of cancellation {unknown}
 D - a potion of flight {unknown}
 G - a potion of magic {unknown}
 M - 2 potions of haste {forbidden@q3}
 R - a potion of ambrosia {unknown}

Dungeon Overview and Level Annotations

Branches:
Dungeon (7/15) Zot: 40145  Temple (1/1) D:5 Zot: 8845  Bailey (1/1) Zot: 8695

Altars:
Ashenzari
Cheibriados
Dithmenos
Gozag
Hepliaklqana
Kikubaaqudgha
Makhleb
Okawaru
Qazlal
Ru
Sif Muna
Trog
Vehumet
Xom
Yredelemnul

Shops:
D:2 (

Annotations:
D:3 2 runed translucent doors, pigah's ghost, amateur DsBe
D:5 2 transporters

##..## #..#
##..## ♣.. #..#♣
#. #..♣ #..#
#..# #..# . #..#
.. #.@♣# ♣♣♣♣♣..
. ##..#♣ ....
..#
##.i####~####..#
##....~~~†...#
##....).)..#
##.......##
#########


You could see a spriggan.


Message History

😮 HP[+1] MP[+1]
You completely miss the spriggan.
The spriggan splashes around in the water.
The spriggan completely misses you.
Your +0 spear hits the spriggan from afar.
You hit the spriggan.
The spriggan is poisoned.
The spriggan hits you!
The spriggan splashes around in the water.
The ogre hits you!
* * * LOW HITPOINT WARNING * * *
Your +0 halberd closely misses the ogre. 😨 HP[-19] MP[+1]
You take 19 damage, and now have 24/73 hp.
MASSIVE DAMAGE!! (PAUSE)
You miss the spriggan.
Your +0 spear hits the spriggan from afar.
The spriggan splashes around in the water.
The spriggan closely misses you.
You closely miss the spriggan.
Your +0 spear barely misses the spriggan.
The ogre misses you.
Your +0 halberd hits the ogre!!
The ogre dies!
Cheibriados appreciates the change of pace.
Your magical contamination has completely faded away. 😨 MP[+1]
You miss the spriggan. You block the spriggan's attack. The spriggan hits you.
* * * LOW HITPOINT WARNING * * *
Your +0 spear hits the spriggan but does no damage.
You hit the spriggan.
The spriggan looks as sick as possible!
Your bite misses the spriggan.
You kill the spriggan!
Cheibriados appreciates the change of pace.
The spriggan splashes around in the water.
The spriggan splashes around in the water.
Your +0 halberd misses the spriggan.
Your +0 spear barely misses the spriggan. 😨 HP[+1] MP[+1]
You swap places.
The spriggan hits you from afar with a +0 trident!
* * * LOW HITPOINT WARNING * * *
The spriggan hits you from afar with a +0 trident.
* * * LOW HITPOINT WARNING * * *
😱 HP[-9] MP[+1]
You take 9 damage, and now have 16/73 hp.
The spriggan splashes around in the water. 😱 MP[+1]
You block the spriggan's attack. 😱 HP[+1] MP[+1]
You block the spriggan's attack. 😱 HP[+1] MP[+1]
The spriggan misses you. 😨 HP[+1] MP[+1]
The spriggan hits you from afar with a +0 trident!
* * * LOW HITPOINT WARNING * * *
😱 HP[-6]
You take 6 damage, and now have 13/73 hp.
You block the spriggan's attack. 😱 HP[+1] MP[+1]
Casting: Tukima's Dance (safe; 1% risk of failure)
Confirm with . or Enter, or press ? or * to list all spells.
Aiming: Tukima's Dance (safe; 1% risk of failure)
Press: ? - help, Shift-Dir - straight line, f - spriggan
Aim: a spriggan, wielding a +0 trident (chance to affect: 36%)
The spriggan easily resists.
The spriggan hits you from afar with a +0 trident!
* * * LOW HITPOINT WARNING * * *
😱 HP[-7] MP[-2]
You take 7 damage, and now have 7/73 hp.
You lost 2 mp, and now have 13/18 mp.
You feel better.
The spriggan hits you from afar with a +0 trident.
* * * LOW HITPOINT WARNING * * *
😱 HP[+2]
You regained 2 hp, and now have 9/73 hp.
Casting: Tukima's Dance (safe; 1% risk of failure)
Confirm with . or Enter, or press ? or * to list all spells.
Aiming: Tukima's Dance (safe; 1% risk of failure)
Press: ? - help, Shift-Dir - straight line, f/p - spriggan
Aim: a spriggan, wielding a +0 trident (chance to affect: 36%)
The spriggan easily resists.
The spriggan hits you from afar with a +0 trident!
* * * LOW HITPOINT WARNING * * *
😱 HP[-8] MP[-2]
You take 8 damage, and now have 1/73 hp.
You lost 2 mp, and now have 11/18 mp.
Casting: Tukima's Dance (safe; 1% risk of failure)
Confirm with . or Enter, or press ? or * to list all spells.
Aiming: Tukima's Dance (safe; 1% risk of failure)
Press: ? - help, Shift-Dir - straight line, f/p - spriggan
Aim: a spriggan, wielding a +0 trident (chance to affect: 36%)
The spriggan easily resists.
The spriggan misses you. 😱 HP[+1] MP[-3]
You lost 3 mp, and now have 8/18 mp.
Casting: Tukima's Dance (safe; 1% risk of failure)
Confirm with . or Enter, or press ? or * to list all spells.
Aiming: Tukima's Dance (safe; 1% risk of failure)
Press: ? - help, Shift-Dir - straight line, f/p - spriggan
Aim: a spriggan, wielding a +0 trident (chance to affect: 36%)
The spriggan easily resists.
The spriggan hits you from afar with a +0 trident!
You die...

Skill      XL: |  1  2  3  4  5  6  7  8  9 10 |
---------------+-------------------------------+-----
Fighting       | 1 2 3 4 |  4.8
Short Blades   | 2 3 4 5 6 |  6.1
Dodging        | 3 4 5 6 |  6.5
Stealth        | 5 6 7 8 9 |  9.9
Hexes          | 5 6 8 9 |  9.2
Spellcasting   | 3 4 5 |  5.4
Shields        | 1 2 3 4 |  4.0
Armour         | 2 |  2.2

Action                   |  1- 3 |  4- 6 |  7- 9 | 10-12 || total
-------------------------+-------+-------+-------+-------++-------
Melee: Dagger            |   104 |    76 |       |       ||   180
       Bite              |     8 |    17 |    30 |       ||    55
       Short sword       |       |    66 |   267 |    13 ||   346
 Cast: Tukima's Dance    |       |     4 |    16 |    11 ||    31
       Confusing Touch   |       |     2 |       |       ||     2
       Ensorcelled Hiber |       |     1 |    18 |       ||    19
Evoke: Wand              |       |       |     7 |       ||     7
  Use: Potion            |     1 |       |     4 |     1 ||     6
       Scroll            |       |     3 |     5 |       ||     8
 Stab: Sleeping          |    12 |    16 |    25 |       ||    53
       Invisible         |       |     6 |       |       ||     6
       Distracted        |       |     1 |     1 |       ||     2
       Confused          |       |     2 |       |       ||     2
Armor: Robe              |    10 |    13 |    19 |       ||    42
       Leather armour    |       |       |    13 |     2 ||    15
Dodge: Dodged            |    65 |    87 |   166 |     8 ||   326
       Repelled          |       |       |     1 |       ||     1
Block: Buckler           |       |    13 |    75 |     8 ||    96

Levels and vault maps discovered:
D:1:      matt_arrival_los_fun, layout_loops_ring, ebering_ecumenical_altar_hall
D:2:      layout_loops_ring, serial_shops, shop, chequers_serial_rivers_small_3,
          uniq_sigmund, uniq_robin
D:3:      layout_basic, chequers_temple_overflow_minitemple,
          ebering_ghost_disaster_area
D:4:      layout_loops_ring, chequers_arboretum, minmay_snake_closets,
          uniq_menkaure
D:5:      gammafunk_wand_slinger, layout_loops_ring,
          minmay_temple_entry_nine_rooms, kennysheep_pointless_box,
          minmay_misc_feat_x, grunt_ministairs_4, minmay_misc_feat_plants
D:6:      minmay_bubble_buster, layout_loops_corners,
          nicolae_dithmenos_through_a_glass_darkly, minmay_misc_feat_pillars,
          uniq_blork_the_orc, uniq_eustachio
D:7:      layout_rooms, nicolae_ashenzari_skybound, serial_shops, shop,
          enter_bailey_5
Temple:   nicolae_temple_godzebo
Bailey:   bailey_polearm_enchanted_keep_hellmonk, bailey

Notes
Turn   | Place    | Note
-------+----------+-------------------------------------------
     0 | D:1      | mcwallace the Vampire Enchanter began the quest for the
                  | Orb.
     0 | D:1      | Reached XP level 1. HP: 13/13 MP: 3/3
     0 | D:1      | magus.rc [v1.9.6]
   108 | D:1      | Reached XP level 2. HP: 20/20 MP: 5/5
   443 | D:1      | Found a faded altar of an unknown god.
   648 | D:1      | Gained mutation: You are afflicted with vampirism and can
                  | become a bat while bloodless. [Vampire growth]
   648 | D:1      | Reached XP level 3. HP: 25/25 MP: 6/6
   653 | D:1      | You add the spells Ignite Poison, Sticky Flame and Ignition
                  | to your library.
   720 | D:1      | Learned a level 2 spell: Ensorcelled Hibernation
   729 | D:1      | Learned a level 3 spell: Tukima's Dance
   921 | D:2      | Found Feti Coi's Antique Weapon Boutique.
  1069 | D:2      | Noticed Sigmund
  1089 | D:2      | Noticed Robin
  1092 | D:2      | Killed Sigmund
  1093 | D:2      | Reached skill level 1 in Fighting
  1093 | D:2      | Reached skill level 2 in Short Blades
  1093 | D:2      | Reached skill level 3 in Dodging
  1093 | D:2      | Reached skill level 5 in Stealth
  1093 | D:2      | Reached skill level 5 in Hexes
  1093 | D:2      | Reached XP level 4. HP: 32/32 MP: 6/8
  1093 | D:2      | Reached XP level 5. HP: 37/37 MP: 6/9
  1118 | D:2      | Killed Robin
  1359 | D:2      | Reached skill level 3 in Spellcasting
  1763 | D:3      | Reached XP level 6. HP: 44/44 MP: 10/10
  2056 | D:3      | HP: 9/44 [gnoll/+0 club (4)]
  2269 | D:3      | Found a burning altar of Makhleb.
  2269 | D:3      | Found an ancient bone altar of Kikubaaqudgha.
  2278 | D:3      | Found a shimmering altar of Xom.
  2280 | D:3      | Found a faded altar of an unknown god.
  2282 | D:3      | Found a bloodstained altar of Trog.
  2323 | D:3      | Reached skill level 2 in Fighting
  2452 | D:3      | Found a large runed translucent door.
  2453 | D:3      | Found a large runed translucent door.
  2455 | D:3      | Noticed pigah's ghost (amateur DsBe)
  2726 | D:4      | Learned a level 3 spell: Confusing Touch
  2744 | D:4      | Reached skill level 3 in Short Blades
  2744 | D:4      | Reached skill level 6 in Stealth
  2744 | D:4      | Reached skill level 6 in Hexes
  2859 | D:4      | Reached skill level 1 in Shields
  3013 | D:4      | Noticed Menkaure
  3106 | D:2      | Bought a translucent short sword for 224 gold pieces
  3106 | D:2      | Identified the +9 short sword of Avant Garde True Grit
                  | {holy, SInv Stlth+} (You bought it in a shop on level 2 of
                  | the Dungeon)
  3275 | D:4      | Killed Menkaure
  3276 | D:4      | Reached skill level 4 in Dodging
  3276 | D:4      | Reached XP level 7. HP: 34/51 MP: 8/12
  3680 | D:5      | Entered Level 5 of the Dungeon
  3688 | D:5      | You pick up a book of Armaments and begin reading...
  3688 | D:5      | You add the spells Stone Arrow, Animate Armour and
                  | Lehudib's Crystal Spear to your library.
  3830 | D:5      | Found a transporter.
  3835 | D:5      | Noticed a kobold demonologist
  3872 | D:5      | Found a transporter.
  4023 | D:5      | Found a staircase to the Ecumenical Temple.
  4028 | Temple   | Entered the Ecumenical Temple
  4113 | Temple   | Became a worshipper of Cheibriados the Contemplative
  4237 | D:5      | Reached skill level 7 in Stealth
  4237 | D:5      | Reached skill level 2 in Shields
  4411 | D:5      | Reached skill level 3 in Fighting
  4411 | D:5      | Reached skill level 4 in Short Blades
  4411 | D:5      | Reached XP level 8. HP: 57/58 MP: 13/13
  4418 | D:5      | Reached skill level 7 in Hexes
  4805 | D:5      | Reached skill level 4 in Spellcasting
  5012 | D:6      | Noticed Blork the orc
  5026 | D:6      | Killed Blork the orc
  5076 | D:6      | Found a shadowy altar of Dithmenos.
  5307 | D:6      | Reached skill level 5 in Dodging
  5373 | D:6      | Noticed Eustachio
  5393 | D:6      | Killed Eustachio
  5556 | D:6      | HP: 14/58 [white imp (4)]
  5562 | D:6      | HP: 13/58 [poisoned by a scorpion]
  5564 | D:6      | HP: 5/58 [poisoned by a scorpion]
  5569 | D:6      | HP: 6/58 [poisoned by a scorpion]
  5570 | D:6      | Reached * piety under Cheibriados
  5571 | D:6      | Reached skill level 8 in Stealth
  5572 | D:6      | HP: 1/58 [centaur (2)]
  5574 | D:6      | Reached skill level 3 in Shields
  5778 | D:6      | Reached skill level 8 in Hexes
  5778 | D:6      | Reached XP level 9. HP: 65/65 MP: 15/15
  5811 | D:6      | Reached skill level 5 in Short Blades
  5942 | D:6      | Learned a level 3 spell: Dazzling Flash
  6018 | D:6      | Reached skill level 4 in Fighting
  6419 | D:7      | Reached skill level 1 in Armour
  6553 | D:7      | Found a broken altar of Ashenzari.
  6557 | D:7      | You add the spells Vhi's Electric Charge, Arcjolt and
                  | Maxwell's Capacitive Coupling to your library.
  6600 | D:7      | Reached skill level 6 in Dodging
  6605 | D:7      | Reached ** piety under Cheibriados
  6606 | D:7      | Reached skill level 9 in Stealth
  6608 | D:7      | Reached skill level 5 in Spellcasting
  6624 | D:7      | Found a flagged portal.
  6639 | Bailey   | Entered a bailey
  6662 | Bailey   | HP: 16/66 [spriggan/+0 spear (7)]
  6663 | Bailey   | Reached skill level 4 in Shields
  6664 | Bailey   | HP: 7/66 [spriggan/+0 spear (8)]
  6756 | Bailey   | Reached skill level 9 in Hexes
  6813 | Bailey   | Reached skill level 2 in Armour
  6813 | Bailey   | Reached XP level 10. HP: 73/73 MP: 17/17
  6826 | Bailey   | Identified the +3 quarterstaff "Mafam" {flame, *Noise rElec
                  | Str+5}
  6835 | Bailey   | Reached skill level 6 in Short Blades
  6890 | Bailey   | HP: 17/73 [spriggan/+0 trident (9)]
  6895 | Bailey   | HP: 13/73 [spriggan/+0 trident (7)]
  6899 | Bailey   | HP: 1/73 [spriggan/+0 trident (8)]
  6901 | Bailey   | Mangled by a spriggan

Vanquished Creatures
  5 spriggans (Bailey)
  Sigmund (D:2)
  Eustachio (D:6)
  A steam dragon (D:6)
  Menkaure (D:4)
  2 water moccasins
  An ice beast (D:6)
  6 ogres
  A centaur (D:6)
  A phantom (D:4)
  Blork the orc (D:6)
  5 bullfrogs
  2 necrophages (D:5)
  4 scorpions
  3 wights (D:7)
  3 howler monkeys
  3 hounds
  2 jellies
  7 iguanas
  2 orc wizards (D:5)
  Robin (D:2)
  3 gnolls (D:3)
  13 adders
  A white imp (D:6)
  An ufetubus (D:5)
  4 worms
  3 dart slugs
  11 orcs
  3 bats
  3 endoplasms
  3 giant cockroaches
  19 goblins
  9 hobgoblins
  7 jackals (D:1)
  6 kobolds
  2 quokkas
  16 ball pythons
  3 frilled lizards (D:1)
  8 rats
168 creatures vanquished.

Vanquished Creatures (collateral kills)
  A spriggan (Bailey)
  3 ogres (Bailey)
  A wight (D:7)
  A gnoll (D:3)
6 creatures vanquished.

Vanquished Creatures (others)
  4 dancing weapons
  2 goblins (D:2)
  A hobgoblin (D:2)
7 creatures vanquished.

Grand Total: 181 creatures vanquished

Table legend:
 A = Non-vault XP
 B = Vault XP
 C = Vault XP percentage of total XP
 D = Non-vault monster count
 E = Vault monster count
 F = Vault count percentage of total count
                 A         B        C        D         E       F
            +---------+---------+-------+---------+---------+-------
      Total |    2749 |    3533 |  56.2 |     117 |      57 |  32.8
            +---------+---------+-------+---------+---------+-------
        D:1 |      45 |       0 |   0.0 |      26 |       0 |   0.0
        D:2 |      83 |     246 |  74.8 |      21 |      11 |  34.4
        D:3 |      87 |       0 |   0.0 |      17 |       0 |   0.0
        D:4 |     265 |     262 |  49.7 |      13 |      15 |  53.6
        D:5 |     725 |      84 |  10.4 |      18 |       1 |   5.3
        D:6 |     483 |    1067 |  68.8 |       7 |      15 |  68.2
        D:7 |    1061 |       8 |   0.7 |      15 |       4 |  21.1
     Bailey |       0 |    1866 | 100.0 |       0 |      11 | 100.0
            +---------+---------+-------+---------+---------+-------

Illustrated notes

Table legend:
 A = Kills in this place as a percentage of kills in entire the game.
 B = Kills by you in this place as a percentage of kills by you in the entire game.
 C = Kills by friends in this place as a percentage of kills by friends in the entire game.
 D = Other kills in this place as a percentage of other kills in the entire game.
 E = Experience gained in this place as a percentage of experience gained in the entire game.
 F = Experience gained in this place divided by the number of levels of this place that you have seen.
                   A       B       C       D       E      F
               +-------+-------+-------+-------+-------+----------------------
         Total | 100.0 | 100.0 | 100.0 |   N/A | 100.0 | 698.0
       Dungeon |  93.7 |  95.8 |  33.3 |   N/A |  70.3 | 630.9
        Bailey |   6.3 |   4.2 |  66.7 |   N/A |  29.7 | 1866.0
               +-------+-------+-------+-------+-------+----------------------

Table legend: (Time is in decaauts)
 A = Elapsed time spent in this place.
 B = Non-inter-level travel time spent in this place.
 C = Inter-level travel time spent in this place.
 D = Time resting spent in this place.
 E = Time spent auto-exploring this place.
 F = Levels seen in this place.
 G = Mean time per level.
                   A        B        C        D        E       F      G
               +--------+--------+--------+--------+--------+-----+--------+
         Total |   7486 |   7041 |    445 |      0 |   5238 |   9 |  831.8 |
       Dungeon |   7071 |   6651 |    420 |      0 |   5028 |   7 | 1010.1 |
        Temple |    112 |     87 |     25 |      0 |     70 |   1 |  112.0 |
        Bailey |    302 |    302 |      0 |      0 |    139 |   1 |  302.0 |
               +--------+--------+--------+--------+--------+-----+--------+

Top non-repeatable levels by time:
     D:6: 1776 daAuts
     D:5: 1284 daAuts
     D:4: 1036 daAuts
     D:1: 896 daAuts
     D:3: 871 daAuts
     D:2: 851 daAuts
     D:7: 355 daAuts
  Bailey: 302 daAuts
  Temple: 112 daAuts
